 Dungeon Crawl Stone Soup version 0.21.1-1-g345015f (webtiles) character file.

7 Harpaggios the Grasshopper (level 1, 0/10 HPs)
             Began as a Spriggan Warper on Mar 17, 2018.
             Slain by a goblin
             ... wielding a cursed +0 club
              (1 damage)
             ... on level 1 of the Dungeon on Mar 18, 2018.
             The game lasted 00:04:35 (286 turns).

Harpaggios the Grasshopper (Spriggan Warper)         Turns: 286, Time: 00:04:36

Health: 0/10       AC:  2    Str:  7    XL:     1   Next: 91%
Magic:  6/6        EV: 18    Int: 14    God:
Gold:   25         SH:  0    Dex: 15    Spells: 7/7 levels left

rFire    . . .     SeeInvis +   a - +0 short sword
rCold    . . .     Gourm    .   (shield restricted)
rNeg     . . .     Faith    .   b - +0 robe
rPois    .         Spirit   .   (helmet restricted)
rElec    .         Reflect  .   (no cloak)
rCorr    .         Harm     .   (gloves unavailable)
MR       .....                  (boots unavailable)
Stlth    +.........             (no amulet)
HPRegen  0.03/turn              (no ring)
MPRegen  0.10/turn              (no ring)

@: very quick
A: very small, unfitting armour, see invisible, herbivore, speed 3, slow
metabolism 2
a: no special abilities


You were on level 1 of the Dungeon.
You were not hungry.

You visited 1 branch of the dungeon, and saw 1 of its levels.

You collected 25 gold pieces.

Inventory:

Hand Weapons
 a - a +0 short sword (weapon)
Missiles
 e - 4 tomahawks of dispersal (quivered)
Armour
 b - a +0 robe (worn)
Scrolls
 d - a scroll of blinking
 g - a scroll of enchant armour {unknown}
 i - a scroll of identify {unknown}
Potions
 h - 2 potions of ambrosia {unknown}
Books
 c - a book of Spatial Translocations

   Spells                             Type                      Level
   a - Blink                          Translocation                2
   b - Shroud of Golubria             Charms/Translocation         2
   c - Lesser Beckoning               Translocation                3
   d - Gell's Gravitas                Translocation                3
   e - Teleport Other                 Translocation                3
   f - Passage of Golubria            Translocation                4
Comestibles
 f - a ration


   Skills:
 - Level 1.5 Fighting
 - Level 2.1 Short Blades
 - Level 1.0 Throwing
 - Level 3.5 Dodging
 + Level 3.5 Spellcasting
   Level 4.4 Translocations


You had 7 spell levels left.
You didn't know any spells.

Dungeon Overview and Level Annotations

Branches:
Dungeon (1/15)

Altars:


Innate Abilities, Weirdness & Mutations

You are very small and have problems with some larger weapons.
You are too small for most types of armour.
You have supernaturally acute eyesight. (SInv)
You are a herbivore.
You cover ground extremely quickly.
You need consume almost no food.


Message History

A goblin comes into view. It is wielding a club.
The goblin shouts!
The goblin closely misses you.
You hit the goblin.
The goblin is moderately wounded.
The goblin hits you with a club.
You hit the goblin but do no damage. The goblin barely misses you.
You hit the goblin but do no damage. The goblin hits you with a club.
* * * LOW HITPOINT WARNING * * *
You barely miss the goblin. The goblin misses you.
You closely miss the goblin. The goblin hits you but does no damage.
Throwing (i - inventory):
e - 5 tomahawks of dispersal (quivered)
Press: ? - help, Shift-Dir - straight line, f - goblin
Aim: a goblin, wielding a club You throw a tomahawk of dispersal.
The tomahawk of dispersal barely misses the goblin.
You closely miss the goblin. The goblin hits you with a club.
* * * LOW HITPOINT WARNING * * *
You barely miss the goblin. The goblin hits you with a club.
You die...

###.# #.....
##.#.######.#.#)
#.#.........# #.
#........... #.
#...######## #. ######
#..## #. ##....##
#..###########.
#......###..............
#......@....#########...
#..PP.g###........###.#.
#...♣..# #..............
##....## #####.##.##....
##...# #.##.##...# ###.#
#.##.##...# #..
#.##....... ###
...#..#...# ......#...#


You could see a goblin.

Vanquished Creatures
  A bat (D:1)
  2 hobgoblins (D:1)
  A kobold (D:1)
  A goblin (D:1)
  2 rats (D:1)
7 creatures vanquished.

Notes
Turn   | Place    | Note
-------+----------+-------------------------------------------
     0 | D:1      | Harpaggios the Spriggan Warper began the quest for the Orb.
     0 | D:1      | Reached XP level 1. HP: 10/10 MP: 5/5
   286 | D:1      | Slain by a goblin

Skill      XL: |  1 |
---------------+----+-----
Spellcasting   | 3 |  3.5
Fighting       | |  1.5
Short Blades   | |  2.1
Throwing       | |  1.0
Dodging        | |  3.5
Translocations | |  4.4

Action                   || total
-------------------------++-------
Melee: Short sword       ||    37
Throw: Tomahawk          ||     1
 Stab: Sleeping          ||     1
Armor: Robe              ||     4
Dodge: Dodged            ||    26
